 Dungeon Crawl Stone Soup version 0.22-b1-26-g9dbaab1 (webtiles) character file.

65 Doobh the Sneak (level 4, -2/27 HPs)
             Began as a Kobold Assassin on Aug 9, 2018.
             Slain by a big kobold
             ... wielding a +0 club
              (6 damage)
             ... in a sewer.
             The game lasted 00:08:29 (1846 turns).

Doobh the Sneak (Kobold Assassin)                   Turns: 1846, Time: 00:08:30

Health: -2/27      AC:  3    Str:  6 (8)  XL:     4   Next: 35%
Magic:  4/4        EV: 15    Int: 11 (12) God:
Gold:   97         SH:  0    Dex: 17      Spells: 3/3 levels left

rFire    + . .     SeeInvis .   a - +3 dagger
rCold    + . .     Gourm    .   (shield restricted)
rNeg     . . .     Faith    .   c - +0 robe
rPois    +         Spirit   .   (no helmet)
rElec    +         Reflect  .   d - +0 cloak
rCorr    +         Harm     .   (no gloves)
MR       .....                  (no boots)
Stlth    ++........             (no amulet)
HPRegen  0.09/turn              (no ring)
MPRegen  0.09/turn              (no ring)

@: resistant, hasted, slow
A: small, carnivore
a: no special abilities


You were in a sewer.
You were completely stuffed.

You visited 1 branch of the dungeon, and saw 3 of its levels.
You also visited: Sewer.

You collected 97 gold pieces.

Inventory:

Hand Weapons
 a - a +3 dagger (weapon)
 b - a +0 blowgun
Missiles
 e - 6 poisoned needles
 h - 28 stones (quivered)
Armour
 c - a +0 robe (worn)
 d - a +0 cloak (worn)
 j - a scarf of resistance
Scrolls
 k - a scroll of remove curse
 l - a scroll of identify
 n - a scroll of amnesia {unknown}
Potions
 p - a potion of flight {unknown}
Comestibles
 g - 5 rations


   Skills:
 + Level 2.8 Fighting
 * Level 3.9 Short Blades
 + Level 2.7 Throwing
 + Level 2.0 Dodging
 + Level 5.7 Stealth


You had 3 spell levels left.
You didn't know any spells.
Your spell library was empty.

Dungeon Overview and Level Annotations

Branches:
Dungeon (3/15)

Altars:
Fedhas
Trog


Innate Abilities, Weirdness & Mutations

You are small and have problems with some larger weapons.
You are carnivorous and can eat meat at any time.


Message History

You hit the big kobold.
The big kobold is heavily wounded.
The big kobold unwields an uncursed hand crossbow.
The big kobold wields an uncursed club.
The big kobold splashes around in the water.
You see here 3 bolts.
The big kobold unwields an uncursed club.
The big kobold wields an uncursed hand crossbow.
The big kobold shoots a bolt.
The bolt closely misses you.
You enter the shallow water.
Moving in this stuff is going to be slow.
Things that are here:
a whip; a kobold corpse; a jackal corpse Your unstable footing causes you to fumble your attack.
You miss the big kobold.
The big kobold is severely wounded.
The big kobold unwields an uncursed hand crossbow.
The big kobold wields an uncursed club.
The big kobold hits you with an uncursed club.
You die... ############################### ≈≈≈≈≈≈≈≈≈≈(≈≈KKK@(..†((∩.∩....# ###############################

You could see a big kobold and 2 kobolds.

Vanquished Creatures
  An adder (D:2)
  A river rat (Sewer)
  A dart slug (D:1)
  A leopard gecko (D:1)
  2 orcs (D:2)
  2 ball pythons (D:3)
  3 bats
  2 giant cockroaches
  5 hobgoblins
  4 jackals
  A quokka (D:1)
  2 frilled lizards
  4 goblins
  5 kobolds
  8 rats
42 creatures vanquished.

Notes
Turn   | Place    | Note
-------+----------+-------------------------------------------
     0 | D:1      | Doobh the Kobold Assassin began the quest for the Orb.
     0 | D:1      | Reached XP level 1. HP: 12/12 MP: 1/1
   114 | D:1      | Reached XP level 2. HP: 18/18 MP: 2/2
   793 | D:2      | Reached XP level 3. HP: 22/22 MP: 3/3
   976 | D:2      | Found a blossoming altar of Fedhas.
  1267 | D:3      | Found a bloodstained altar of Trog.
  1417 | D:3      | Reached XP level 4. HP: 27/27 MP: 4/4
  1677 | D:3      | Found a glowing drain.
  1681 | Sewer    | Entered a sewer
  1789 | Sewer    | Noticed a big kobold
  1846 | Sewer    | Slain by a big kobold

Skill      XL: |  1  2  3  4 |
---------------+-------------+-----
Short Blades   | 3 |  3.9
Dodging        | 2 |  2.0
Fighting       | |  2.8
Throwing       | |  2.7
Stealth        | |  5.7

Action                   |  1- 3 |  4- 6 || total
-------------------------+-------+-------++-------
Melee: Dagger            |   100 |    20 ||   120
 Fire: Blowgun           |     4 |     4 ||     8
Throw: Stone             |    17 |     7 ||    24
  Use: Scroll            |     7 |       ||     7
       Potion            |     2 |     2 ||     4
 Stab: Sleeping          |    14 |     3 ||    17
  Eat: Chunk             |     9 |     2 ||    11
Armor: Robe              |    13 |     7 ||    20
Dodge: Dodged            |    74 |    47 ||   121
